 Dungeon Crawl Stone Soup version 0.21.0-8-gf18e19db4a (webtiles) character file.

196 Esekla the Sneak (level 5, -1/52 HPs)
             Began as an Octopode Enchanter on Jan 17, 2018.
             Slain by an orc (2 damage)
             ... on level 2 of the Dungeon.
             The game lasted 00:26:01 (2962 turns).

Esekla the Sneak (Octopode Enchanter)               Turns: 2962, Time: 00:26:02

Health: -1/52      AC: 22    Str: 18    XL:     5   Next: 75%
Magic:  8/8        EV:  2    Int: 19    God:
Gold:   163        SH: 12    Dex: 12    Spells: 2/8 levels left

rFire    + . .     SeeInvis .   a - +3 dagger
rCold    + . .     Gourm    .   d - +4 shield
rNeg     + + +     Faith    .   (helmet currently unavailable)
rPois    +         Spirit   .   (no amulet)
rElec    +         Reflect  .   t - +6 ring of strength
rCorr    +         Harm     .   (no ring)
MR       .....     NoTele   +   (no ring)
Stlth    ++........             (no ring)
HPRegen  0.17/turn              (no ring)
MPRegen  0.11/turn              (no ring)
                                (no ring)
                                (no ring)

@: mighty, tree-form, resistant
A: almost no armour, stealthy swim, (amphibious), 8 rings, (constrict 8)
a: no special abilities


You were on level 2 of the Dungeon.
You were not hungry.
You were a tree.
You visited 1 branch of the dungeon, and saw 3 of its levels.

You collected 163 gold pieces.

Inventory:

Hand Weapons
 a - a +3 dagger (weapon)
Missiles
 f - a tomahawk (quivered)
Armour
 d - a +4 shield (worn)
Jewellery
 t - a +6 ring of strength (left branch)
Scrolls
 i - 3 scrolls of identify
 q - 2 scrolls of fog
Books
 b - a book of Maledictions

   Spells                             Type                      Level
   a - Corona                         Hexes                        1
   b - Ensorcelled Hibernation        Hexes/Ice                    2
   c - Confuse                        Hexes                        3
   d - Tukima's Dance                 Hexes                        3
   e - Dazzling Spray                 Conjuration/Hexes            3
Comestibles
 c - 3 rations


   Skills:
 * Level 2.6 Fighting
 * Level 3.1 Short Blades
 + Level 2.4 Dodging
 - Level 4.0 Stealth
 * Level 2.2 Shields
 + Level 2.0 Spellcasting
 + Level 3.2 Hexes


You had 2 spell levels left.
You knew the following spells:

 Your Spells              Type           Power        Failure   Level  Hunger
b - Tukima's Dance        Hex            ##......     56%         3    ###....
c - Confuse               Hex            ##......     56%         3    ###....


Dungeon Overview and Level Annotations

Branches:
Dungeon (3/15)

Altars:
Kikubaaqudgha
Qazlal

Annotations:
D:3 Robin


Innate Abilities, Weirdness & Mutations

You cannot wear most types of armour.
You are very stealthy in the water. (Stealth+)
((You are amphibious.))
You can wear up to eight rings at the same time.
((You can use your tentacles to constrict eight enemies at once.))
((Your skin changes colour to match your surroundings (Stealth+).))
((Your rubbery body absorbs attacks. (AC +1, EV +1)))


Message History

You block the rat's attack. The goblin hits you but does no damage.
The adder bites you but does no damage. The orc hits you but does no damage.
As you read the scroll labeled MIBBUA NUYCH, it crumbles to dust.
It is a scroll of enchant weapon.
Your +1 dagger glows red for a moment.
You block the hobgoblin's attack. The adder bites you but does no damage.
You block the rat's attack. The goblin hits you but does no damage.
The orc hits you but does no damage.
As you read the scroll of enchant armour, it crumbles to dust.
Your +3 shield glows green for a moment.
You block the adder's attack.
The hobgoblin hits you but does no damage.
You block the rat's attack. The goblin hits you but does no damage.
The orc hits you.
* * * LOW HITPOINT WARNING * * *
The adder bites you but does no damage.
As you read the scroll of enchant weapon, it crumbles to dust.
Your +2 dagger glows red for a moment.
You block the hobgoblin's attack. You block the rat's attack.
The adder bites you but does no damage. The goblin hits you but does no damage.
The orc hits you.
You die...

#.........### #......##...#.#
#.........######..########...#
#.........##...#....## #####
#.........#..........##
#<...)................#
#.)...........()..."..#
##.......#.§§§§§......#
##.....###§oSg§.....## #######
##g♣r##...## ##########


You could see an adder (inner flame), an orc (inner flame), a hobgoblin (inner
flame), a goblin (inner flame) and a rat (inner flame).

Vanquished Creatures
  Terence (D:2)
  3 adders
  3 gnolls (D:2)
  4 oozes
  2 worms (D:2)
  4 dart slugs
  4 orcs (D:3)
  5 giant cockroaches
  12 hobgoblins
  5 jackals (D:2)
  4 kobolds
  2 ball pythons
  5 bats
  8 frilled lizards
  12 goblins
  10 rats
84 creatures vanquished.

Notes
Turn   | Place    | Note
-------+----------+-------------------------------------------
     0 | D:1      | Esekla the Octopode Enchanter began the quest for the Orb.
     0 | D:1      | Reached XP level 1. HP: 11/11 MP: 3/3
   167 | D:1      | Reached XP level 2. HP: 8/18 MP: 5/5
   233 | D:1      | Reached skill level 1 in Fighting
   427 | D:2      | Reached skill level 1 in Shields
   620 | D:1      | Reached XP level 3. HP: 23/23 MP: 6/6
   625 | D:1      | Learned a level 3 spell: Tukima's Dance
  1068 | D:2      | Reached XP level 4. HP: 22/28 MP: 7/7
  1143 | D:2      | Found an ancient bone altar of Kikubaaqudgha.
  1196 | D:2      | Noticed Terence
  1211 | D:2      | Killed Terence
  1712 | D:3      | Reached XP level 5. HP: 35/35 MP: 8/8
  1746 | D:3      | Learned a level 3 spell: Confuse
  2547 | D:2      | Found a stormy altar of Qazlal.
  2858 | D:3      | Noticed Robin
  2956 | D:2      | HP: 2/52 [rat (2)]
  2961 | D:2      | HP: 1/52 [orc (2)]
  2962 | D:2      | Slain by an orc

Skill      XL: |  1  2  3  4  5 |
---------------+----------------+-----
Fighting       | 1 2 |  2.6
Shields        | 1 2 |  2.2
Short Blades   | 2 3 |  3.1
Dodging        | |  2.4
Stealth        | |  4.0
Spellcasting   | |  2.0
Hexes          | |  3.2

Action                   |  1- 3 |  4- 6 || total
-------------------------+-------+-------++-------
Melee: Dagger            |    74 |   133 ||   207
       Constrict         |    16 |    25 ||    41
       Tentacles         |    12 |    20 ||    32
Throw: Tomahawk          |     1 |     5 ||     6
 Cast: Confuse           |       |     1 ||     1
  Use: Scroll            |       |    15 ||    15
       Potion            |       |     4 ||     4
 Stab: Sleeping          |    13 |    10 ||    23
  Eat: Ration            |       |     2 ||     2
Armor: Skin              |     3 |    51 ||    54
Dodge: Dodged            |    20 |    53 ||    73
Block: Shield            |    23 |    98 ||   121
